 Dungeon Crawl Stone Soup version 0.21.1-1-g345015f (webtiles) character file.

37 inc the Scratcher (level 3, 0/15 HPs)
             Began as a Felid Transmuter on Feb 25, 2018.
             Slain by an adder (3 damage)
             ... on level 2 of the Dungeon.
             The game lasted 00:02:30 (1313 turns).

inc the Scratcher (Felid Transmuter)                Turns: 1313, Time: 00:02:30

Health: 0/15       AC:  1    Str:  6    XL:     3   Next: 23%
Magic:  0/7        EV: 18    Int: 15    God:
Gold:   24         SH:  0    Dex: 16    Spells: 3/6 levels left
                                        Lives:  0   Deaths: 0

rFire    . . .     SeeInvis +     - Unarmed
rCold    . . .     Gourm    .   (shield unavailable)
rNeg     . . .     Faith    .   (armour unavailable)
rPois    .         Spirit   +   (helmet unavailable)
rElec    .         Reflect  .   (cloak unavailable)
rCorr    .         Harm     .   (gloves unavailable)
MR       .....                  (boots unavailable)
Stlth    ++........             g - amulet of guardian spirit
HPRegen  0.05/turn              (no ring)
MPRegen  0.10/turn              (no ring)

@: appendage (expiring), quick
A: very small, no armour, no weapons or thrown items, stealth, claws 1, fangs 3,
horns 2, see invisible, carnivore, speed 1, shaggy fur 1, slow metabolism 1,
sharp paws
a: End Transformation


You were on level 2 of the Dungeon.
You were not hungry.
You had grown temporary horns.
You visited 1 branch of the dungeon, and saw 2 of its levels.

You collected 24 gold pieces.

Inventory:

Missiles
 a - 12 arrows
Jewellery
 g - an amulet of guardian spirit (around neck)
Scrolls
 d - a scroll of identify {unknown}
 f - a scroll of remove curse {unknown}
 h - 2 scrolls of fog {unknown}
Potions
 e - a potion of magic {unknown}
 i - a potion of resistance {unknown}
 j - a potion of degeneration {unknown}
Books
 b - a book of Changes

   Spells                             Type                      Level
   a - Beastly Appendage              Transmutation                1
   b - Sticks to Snakes               Transmutation                2
   c - Spider Form                    Transmutation/Poison         3
   d - Ice Form                       Ice/Transmutation            4
   e - Blade Hands                    Transmutation                5
Comestibles
 c - 2 rations


   Skills:
 - Level 1.0 Fighting
 - Level 2.6 Dodging
 + Level 4.4 Unarmed Combat
 - Level 2.0 Spellcasting
 - Level 2.1 Transmutations


You had 3 spell levels left.
You knew the following spells:

 Your Spells              Type           Power        Failure   Level  Hunger
a - Beastly Appendage     Tmut           #.....       9%          1    #......
b - Sticks to Snakes      Tmut           #.......     14%         2    ###....


Dungeon Overview and Level Annotations

Branches:
Dungeon (2/15)

Altars:


Innate Abilities, Weirdness & Mutations

You cannot wear armour.
You are incapable of wielding weapons or throwing items.
Your paws allow you to move quietly. (Stealth)
You have sharp claws.
You have razor-sharp teeth.
You have supernaturally acute eyesight. (SInv)
You are carnivorous and can eat meat at any time.
You cover ground quickly.
You are covered in fur. (AC +1)
You have a slow metabolism.
Your sharp claws are effective at attacking unaware monsters.
You have a pair of horns on your head.


Message History

The hobgoblin misses you.
You closely miss the hobgoblin. Your headbutt misses the hobgoblin.
The hobgoblin is almost dead.
The hobgoblin hits you with a club.
* * * LOW HITPOINT WARNING * * *
You closely miss the hobgoblin.
The hobgoblin is almost dead.
You barely miss the hobgoblin. Your bite misses the hobgoblin.
The hobgoblin is almost dead.
The hobgoblin misses you.
You claw the hobgoblin!
You kill the hobgoblin!
You barely miss the adder. The adder misses you.
You closely miss the adder. You bite the adder.
The adder is moderately wounded.
The adder closely misses you.
You scratch the adder.
The adder is heavily wounded.
The adder bites you.
You die...

######### #.......#
#.......# #.......#
## #.......# .######
##
#.......######S..<...
.###........#...@..#
.##...........###.##
..#.#.#####.### .#
......## #... .#
.......# ###. .#
.<.###.# . .# ...# .#
# .. ...## .# ..
....##.#


You could see an adder.

Vanquished Creatures
  An adder (D:2)
  3 leopard geckos
  2 giant cockroaches (D:1)
  A goblin (D:1)
  2 hobgoblins
  3 jackals (D:2)
  3 kobolds (D:1)
  3 bats
  3 frilled lizards
  2 rats (D:1)
23 creatures vanquished.

Notes
Turn   | Place    | Note
-------+----------+-------------------------------------------
     0 | D:1      | inc the Felid Transmuter began the quest for the Orb.
     0 | D:1      | Reached XP level 1. HP: 9/9 MP: 4/4
   315 | D:1      | Reached XP level 2. HP: 12/12 MP: 4/6
   763 | D:1      | Learned a level 2 spell: Sticks to Snakes
  1003 | D:2      | Reached skill level 4 in Unarmed Combat
  1021 | D:2      | Reached XP level 3. HP: 8/15 MP: 0/7
  1313 | D:2      | Slain by an adder

Skill      XL: |  1  2 |
---------------+-------+-----
Unarmed Combat | 4 |  4.4
Fighting       | |  1.0
Dodging        | |  2.6
Spellcasting   | |  2.0
Transmutations | |  2.1

Action                   || total
-------------------------++-------
Melee: Unarmed           ||    85
       Headbutt          ||     3
       Punch             ||     1
       Bite              ||     7
 Cast: Beastly Appendage ||    10
 Stab: Sleeping          ||     2
Armor: Skin              ||     1
Dodge: Dodged            ||    63
